 Dungeon Crawl Stone Soup version 0.29-a0-555-g3b24f45cc1 (webtiles) character file.

Game seed: 17878274031383017124

39943 freelancePsychic the Frost Mage (level 13, -16/100 HPs)
             Began as a Yellow Draconian Transmuter on June 7, 2022.
             Was a High Priest of Hepliaklqana.
             Demolished by an enormous slime creature (60 damage)
             ... on level 3 of the Lair of Beasts.
             The game lasted 00:41:04 (25282 turns).

freelancePsychic the Frost Mage (DrTm)             Turns: 25282, Time: 00:41:05

Health: -16/100    AC: 14    Str: 18    XL:     13   Next: 71%
Magic:  17/27      EV: 14    Int: 25    God:    Hepliaklqana [*****.]
Gold:   812        SH:  6    Dex: 17    Spells: 8/32 levels left

rFire   . . .      SeeInvis +   v - +4 dagger "Morg" {pain, Will+ Int+5}
rCold   . . .      Faith    .   t - +2 buckler {AC+3}
rNeg    . . .      Spirit   .   (body armour unavailable)
rPois   .          Reflect  .   y - +1 hat of Died {Fly Int+2 Stlth-}
rElec   .          Harm     .   l - +0 cloak
rCorr   +          Rampage  .   (no gloves)
Will    +....                   N - +0 pair of boots
Stlth   +.........              I - amulet of magic regeneration
HPRegen 0.26/turn               b - ring of Ynwous {Str+4 SInv}
MPRegen 0.60/turn               L - +6 ring of dexterity

@: flying
A: reduced essence, spit acid, AC +8, unfitting armour, cold-blooded, acid
resistance
a: Breathe Acid, Renounce Religion, Recall Ancestor, Ancestor Identity,
Transference, Idealise


You were on level 3 of the Lair of Beasts.
You worshipped Hepliaklqana.
Hepliaklqana was extremely pleased with you.
You visited 2 branches of the dungeon, and saw 15 of its levels.
You also visited: Ice Cave.

You collected 954 gold pieces.
You spent 142 gold pieces at shops.

Inventory:

Hand Weapons
 v - the +4 dagger "Morg" (weapon) {pain, Will+ Int+5}
   (You found it on level 3 of the Dungeon)

   In the hands of one skilled in necromantic magic, it inflicts extra damage on
   living creatures.
   Int:       It affects your intelligence (+5).
   Will:      It increases your willpower.
Armour
 l - a +0 cloak (worn)
 t - a +2 buckler of protection (worn)
 y - the +1 hat of Died (worn) {Fly Int+2 Stlth-}
   (You found it on level 9 of the Dungeon)

   Int:       It affects your intelligence (+2).
   Fly:       It grants you flight.
   Stlth:     It makes you less stealthy.
 N - a +0 pair of boots (worn)
Jewellery
 b - the ring of Ynwous (left hand) {Str+4 SInv}
   (You took it off Amaemon on level 11 of the Dungeon)

   [ring of see invisible]

   Str:       It affects your strength (+4).
   SInv:      It lets you see invisible.
 D - a ring of ice
 I - an amulet of magic regeneration (around neck)
 L - a +6 ring of dexterity (right hand)
 M - a +4 ring of protection
 P - a +6 ring of dexterity
Wands
 s - a wand of acid (2)
 B - a wand of flame (23)
 E - a wand of paralysis (8)
 F - a wand of polymorph (1)
 G - a wand of iceblast (3)
Scrolls
 c - 4 scrolls of vulnerability
 e - 4 scrolls of poison
 f - a scroll of silence
 h - 5 scrolls of blinking
 i - 4 scrolls of amnesia
 j - 3 scrolls of enchant weapon
 m - a scroll of acquirement {unknown}
 o - a scroll of enchant armour
 p - 3 scrolls of teleportation {@r4}
 u - a scroll of fog
 x - a scroll of magic mapping
 C - 3 scrolls of immolation
 O - a scroll of identify {@r1}
Potions
 a - 6 potions of lignification
 d - 2 potions of berserk rage
 g - 4 potions of curing {@q1}
 k - 2 potions of attraction
 n - a potion of resistance
 q - 2 potions of heal wounds {@q2}
 r - 2 potions of mutation
 w - 2 potions of invisibility
 z - a potion of might {unknown}
 A - 2 potions of flight {unknown}
 H - a potion of cancellation {unknown}
 J - a potion of ambrosia {unknown}
 K - 3 potions of brilliance {unknown}


   Skills:
 + Level 9.6 Fighting
 - Level 5.5 Dodging
 - Level 6.0 Unarmed Combat
 + Level 10.1 Spellcasting
 - Level 11.8 Necromancy
 - Level 4.1 Transmutations
 + Level 13.2 Ice Magic
 - Level 3.3 Poison Magic


You had 8 spell levels left.
You knew the following spells:

 Your Spells              Type           Power      Damage    Failure   Level
a - Vampiric Draining     Necr           64%        2d10      1%          3
b - Spider Form           Tmut/Pois      31%        N/A       4%          3
c - Ice Form              Ice/Tmut       54%        N/A       1%          4
d - Simulacrum            Ice/Necr       33%        N/A       6%          6
e - Ozocubu's Refrigerat  Ice            34%        4d11      24%         7
f - Beastly Appendage     Tmut           66%        N/A       1%          1

Your spell library contained the following spells:

 Spells                   Type           Power      Damage    Failure   Level
 Necrotize                Necr           100%       1d9       1%          1
 Wereblood                Tmut           33%        N/A       1%          2
 Ozocubu's Armour         Ice            68%        N/A       1%          3
 Agony                    Necr           64%        N/A       1%          5
 Hailstorm                Conj/Ice       45%        3d10      4%          4
 Magic Dart               Conj           48%        1d5       7%          1
 Call Imp                 Summ           12%        N/A       10%         2
 Searing Ray              Conj           24%        2d5       10%         2
 Mephitic Cloud           Conj/Pois/Air  18%        N/A       13%         3
 Gell's Gravitas          Tloc           12%        N/A       21%         3
 Lesser Beckoning         Tloc           12%        N/A       21%         3
 Portal Projectile        Hex/Tloc       24%        N/A       21%         3
 Teleport Other           Tloc           12%        N/A       21%         3
 Tukima's Dance           Hex            12%        N/A       21%         3
 Blade Hands              Tmut           16%        N/A       34%         5
 Fulminant Prism          Conj/Hex       6%         3d7       54%         4
 Summon Forest            Summ/Tloc      6%         N/A       88%         5
 Eringya's Noxious Bog    Tmut/Pois      15%        N/A       91%         6
 Summon Hydra             Summ           6%         N/A       100%        7
 Chain Lightning          Conj/Air       6%         3d8       100%        9
 Fire Storm               Conj/Fire      6%         8d2       100%        9
 Shatter                  Erth           6%         3d9*      100%        9


Dungeon Overview and Level Annotations

Branches:
Dungeon (12/15)            Temple (0/1) D:7            Lair (3/6) D:11
 Spider (0/4) Lair:2          Orc (0/2) D:10          IceCv (visited)
  Swamp: Lair:2-4    Shoals: Lair:2-4

Altars:
Cheibriados
Elyvilon
Gozag
Hepliaklqana
Okawaru
Qazlal
Sif Muna
Trog
Uskayaw
Wu Jian
Beogh
Jiyva

Shops:
D:3 [   D:5 *

Annotations:
D:3 exclusion: adder, Ijyb, Sigmund
D:6 exclusion: door
D:10 2 transporters, Drazool's ghost, journeyman OpTm
Lair:3 Taurus's ghost, journeyman MiFi


Innate Abilities, Weirdness & Mutations

Your life essence is reduced to manifest your ancestor. (-10% HP)
You can spit globs of acid.
Your golden yellow scales are hard. (AC +8)
You cannot fit into any form of body armour.
You are cold-blooded and may be slowed by cold attacks.
You are resistant to acid. (rCorr)


Message History

The large slime creature jiggles.
You continue memorising.
You finish memorising.
Spell assigned to 'f'.
Adjust (i)tems, (s)pells, or (a)bilities?
Adjust which spell? f - Ozocubu's Refrigeration Adjust to which letter? e - Ozocubu's Refrigeration; f - Beastly Appendage You reach down and open the gate.
Two slime creatures merge to form an enormous slime creature.
Casting: Vampiric Draining (safe; 1% risk of failure)
Confirm with . or Enter, or press ? or * to list all spells.
Aiming: Simulacrum (dangerous; 6% risk of failure)
Press: ? - help, Shift-Dir - straight line, f - enormous slime creature
Aim: an enormous slime creature (ally target)
You freeze the enormous slime creature's soul.
Gladwin hits the jelly with a +0 flail.
Gladwin is burned by acid!
Casting: Simulacrum (dangerous; 6% risk of failure)
Confirm with . or Enter, or press ? or * to list all spells.
Aiming: Simulacrum (dangerous; 6% risk of failure)
Press: ? - help, Shift-Dir - straight line, f - jelly, p - enormous slime creature
Aim: a jelly You freeze the jelly's soul.
Gladwin closely misses Taurus's ghost.
You hit the jelly.
The jelly writhes in agony.
Your hands burn!
You tail-slap the jelly.
The jelly is almost dead.
Gladwin hits Taurus's ghost with a +0 flail!
You block the jelly's attack. Taurus's ghost hits you!!
Taurus's ghost burns you. The enormous slime creature hits you!
Gladwin hits Taurus's ghost but does no damage.
You hit the jelly.
You kill the jelly!
A freezing mist starts to gather... x4; Taurus's ghost hits you!!
Taurus's ghost burns you.
The enormous slime creature closely misses you.
Gladwin closely misses Taurus's ghost.
You block Taurus's ghost's attack. The enormous slime creature hits you!!!
Ouch! That really hurt!
You die...

##...#### ##......≈≈≈≈.<
#..###?_?####.#....≈≈≈≈≈.
#..##.?[..##.......≈≈≈≈≈≈
##..#.......#..#....≈≈≈≈≈≈
#...#.......#........≈≈≈≈≈
#...#.......#..#.....≈≈≈≈≈
##..##.Z.GJ##....###...≈≈≈
#..###'JW##......P#......
##.......@R....<.....#.#..
#.................##.#####
##.....Z..Z....<.#####
#................#
##.....P.##.....##
###..#.##...#...## ### ##
##................##
#.###.
#PZ................#
##....
##PZ......>........##
#....


You could see the friendly Gladwin the knight, a great orb of eyes, an enormous
slime creature (ally target, simulacrum), a jelly, Taurus's ghost (ally target)
and 3 friendly jelly simulacra.

Vanquished Creatures
  2 hydras (Lair:1)
  A boulder beetle (D:11)
  A bog body (IceCv)
  Pikel (D:4)
  2 deep elf zephyrmancers (D:9)
  3 oklob plants (Lair:3)
  An ice statue (IceCv)
  A black mamba (Lair:1)
  2 cane toads
  A gargoyle (D:11)
  A freezing wraith (IceCv)
  3 komodo dragons
  5 kobold demonologists
  An anaconda simulacrum (IceCv)
  4 ice devils
  A troll (D:11)
  4 hornets
  3 blink frogs (Lair:1)
  2 wraiths (D:10)
  3 dire elephant simulacra (IceCv)
  2 wyverns
  5 yaks
  Menkaure (D:7)
  A warg (D:10)
  6 vampire mosquitoes
  4 harpy simulacra (IceCv)
  6 water moccasins
  7 orc warriors
  A swamp drake (D:9)
  2 sky beasts
  2 ice beasts (D:6)
  A black bear (D:6)
  2 ogres
  13 wolves
  5 centaurs
  9 bullfrogs
  3 kobold brigands
  2 scorpions
  A gnoll sergeant (D:7)
  4 wights (D:7)
  A water moccasin skeleton (D:3)
  5 killer bees (D:11)
  A crimson imp (D:9)
  5 jellies
  4 orc priests
  A gnoll shaman (D:5)
  A centaur skeleton (D:3)
  2 hounds
  4 iguanas
  Natasha (twice) (D:3)
  A scorpion zombie (D:3)
  4 orc wizards
  A hound skeleton (D:3)
  11 gnolls
  A naga simulacrum (IceCv)
  14 adders
  2 shadow imps
  2 white imps
  An ufetubus (D:7)
  An adder zombie (D:3)
  An adder skeleton (D:3)
  2 worms (D:3)
  A dart slug (D:2)
  37 orcs
  4 endoplasms
  7 giant cockroaches
  5 goblins
  3 hobgoblins
  3 jackals (D:2)
  7 ball pythons
  4 bats
  3 frilled lizards
  7 kobolds
  7 rats
274 creatures vanquished.

Vanquished Creatures (collateral kills)
  A hydra (Lair:2)
  Amaemon (D:11)
  A necromancer (IceCv)
  An oklob plant (Lair:3)
  Maurice (D:11)
  7 elephants (Lair:2)
  An ice statue (IceCv)
  A black mamba (Lair:3)
  2 rime drakes (Lair:3)
  3 komodo dragons
  4 cane toads
  2 unseen horrors (D:11)
  A gargoyle (D:11)
  An orange demon (D:11)
  3 ice devils
  2 entropy weaver simulacra (IceCv)
  3 trolls (D:11)
  A polar bear (Lair:3)
  15 blink frogs
  A vampire (D:11)
  A shadow (D:11)
  A wraith (D:11)
  13 yaks
  A vampire mosquito (D:11)
  A redback (Lair:2)
  2 wargs (D:10)
  An acid dragon (D:11)
  An orc warrior (D:10)
  2 centaurs
  24 wolves
  9 bullfrogs
  A killer bee (D:11)
  A howler monkey (D:11)
  An iron imp (D:9)
  3 orc wizards
  A troll simulacrum (IceCv)
  3 gnolls (D:8)
  2 naga simulacra (IceCv)
  A shadow imp (D:9)
  A white imp (IceCv)
  4 orcs
  A kobold (D:9)
127 creatures vanquished.

Vanquished Creatures (others)
  6 knights
  An orc wizard (D:9)
  6 ancestors
  5 orcs (D:9)
  21 fungi
  34 plants
  18 withered plants (D:3)
91 creatures vanquished.

Grand Total: 492 creatures vanquished

Notes
Turn   | Place    | Note
-------+----------+-------------------------------------------
     0 | D:1      | freelancePsychic the Draconian Transmuter began the quest
                  | for the Orb.
     0 | D:1      | Reached XP level 1. HP: 16/16 MP: 3/3
   523 | D:1      | Reached XP level 2. HP: 23/23 MP: 5/5
   943 | D:1      | Found a faded altar of an unknown god.
  1257 | D:2      | Reached skill level 1 in Poison Magic
  1336 | D:2      | Reached XP level 3. HP: 26/28 MP: 3/6
  1342 | D:2      | Learned a level 3 spell: Spider Form
  2319 | D:2      | Reached XP level 4. HP: 25/36 MP: 5/7
  2938 | D:3      | Found Gaileyx's Antique Armour Shoppe.
  3221 | D:3      | Noticed Sigmund
  3330 | D:3      | Noticed Ijyb
  3429 | D:3      | Bought a shiny buckler for 142 gold pieces
  3507 | D:3      | Noticed a scorpion
  3514 | D:3      | Killed a scorpion
  3515 | D:3      | Reached XP level 5. HP: 41/41 MP: 6/8
  3557 | D:3      | Noticed a +0 falchion
  3557 | D:3      | Noticed a +0 dagger
  3557 | D:3      | Noticed a +0 dagger
  3558 | D:3      | Noticed a +0 short sword
  3558 | D:3      | Noticed a +0 falchion
  3559 | D:3      | Noticed a +0 short sword
  3559 | D:3      | Noticed a +0 spear
  3561 | D:3      | Noticed a +0 spear
  3565 | D:3      | Found a hide-covered altar of Uskayaw.
  3734 | D:3      | Found a bloodstained altar of Trog.
  3882 | D:3      | Noticed Natasha
  3906 | D:3      | Killed Natasha
  3928 | D:3      | Reached XP level 6. HP: 26/50 MP: 9/9
  3938 | D:3      | Noticed Natasha
  3953 | D:3      | Killed Natasha
  4191 | D:3      | Found the +4 dagger "Morg" {pain, Will+ Int+5}
  4675 | D:4      | Found a white marble altar of Elyvilon.
  5019 | D:4      | Noticed Pikel
  5036 | D:4      | Killed Pikel
  5037 | D:4      | Reached skill level 5 in Unarmed Combat
  5037 | D:4      | Your scales start taking on a golden yellow colour.
  5037 | D:4      | Reached XP level 7. HP: 34/59 MP: 4/10
  5037 | D:4      | Gained mutation: You are resistant to acid. (rCorr) [Yellow
                  | Draconian growth]
  5680 | D:5      | Entered Level 5 of the Dungeon
  5772 | D:5      | Found a white marble altar of Elyvilon.
  5980 | D:5      | Found Kosusugu's Neck Hole.
  6022 | D:5      | Reached XP level 8. HP: 67/67 MP: 11/11
  6029 | D:5      | Reached skill level 1 in Ice Magic
  6284 | D:5      | Reached skill level 2 in Ice Magic
  7108 | D:6      | Found an iron altar of Okawaru.
  7128 | D:6      | Reached skill level 5 in Fighting
  7133 | D:6      | Reached skill level 3 in Ice Magic
  7251 | D:6      | Learned a level 4 spell: Ice Form
  7663 | D:6      | Reached skill level 4 in Ice Magic
  8275 | D:6      | Noticed a boulder beetle
  8588 | D:7      | Noticed Menkaure
  8606 | D:7      | Killed Menkaure
  8607 | D:7      | Reached skill level 5 in Ice Magic
  8607 | D:7      | Reached XP level 9. HP: 42/75 MP: 12/12
  8812 | D:7      | Reached skill level 5 in Dodging
  8963 | D:7      | Found a stormy altar of Qazlal.
  9066 | D:7      | Found an opulent altar of Gozag.
  9066 | D:7      | Found a hazy altar of Hepliaklqana.
  9107 | D:7      | Became a worshipper of Hepliaklqana the Forgotten
  9151 | D:7      | Found a shimmering blue altar of Sif Muna.
  9182 | D:7      | Found a staircase to the Ecumenical Temple.
  9603 | D:7      | Reached skill level 6 in Ice Magic
 10322 | D:8      | Reached skill level 1 in Necromancy
 10431 | D:8      | Reached * piety under Hepliaklqana
 10789 | D:8      | Learned a level 3 spell: Vampiric Draining
 11212 | D:9      | Noticed a kobold demonologist
 11213 | D:9      | Noticed a kobold demonologist
 11220 | D:9      | Killed a kobold demonologist
 11234 | D:9      | Killed a kobold demonologist
 11248 | D:9      | Noticed a kobold demonologist
 11249 | D:9      | Noticed a kobold demonologist
 11261 | D:9      | Killed a kobold demonologist
 11262 | D:9      | Reached skill level 7 in Ice Magic
 11272 | D:9      | Killed a kobold demonologist
 11273 | D:9      | Reached XP level 10. HP: 18/77 MP: 9/13
 11666 | D:9      | Reached skill level 5 in Necromancy
 11667 | D:9      | Paralysed by a hornet for 3 turns
 12475 | D:9      | Noticed a deep elf zephyrmancer
 12481 | D:9      | Killed a deep elf zephyrmancer
 12632 | D:9      | Noticed a deep elf zephyrmancer
 12640 | D:9      | Killed a deep elf zephyrmancer
 12641 | D:9      | Identified the +1 hat of Died {Fly Int+2 Stlth-}
 12819 | D:9      | Reached skill level 8 in Ice Magic
 13368 | D:10     | Entered Level 10 of the Dungeon
 13369 | D:10     | Noticed a moth of wrath
 14057 | D:10     | Reached XP level 11. HP: 44/85 MP: 12/16
 14250 | D:10     | Found a snail-covered altar of Cheibriados.
 14257 | D:10     | Found a transporter.
 14266 | D:10     | Found a bloodstained altar of Trog.
 14275 | D:10     | Found a transporter.
 14275 | D:10     | Noticed a two-headed ogre
 14276 | D:10     | Noticed a tengu warrior
 14276 | D:10     | Noticed a two-headed ogre
 14276 | D:10     | Noticed Drazool's ghost (journeyman OpTm)
 14482 | D:10     | Found a staircase to the Orcish Mines.
 14668 | D:10     | Reached skill level 9 in Ice Magic
 15158 | D:10     | Learned a level 6 spell: Simulacrum
 15266 | D:11     | Reached ** piety under Hepliaklqana
 15267 | D:11     | Remembered your ancestor Gladwin as a knight
 15733 | D:11     | Found a staircase to the Lair.
 15827 | D:11     | Found an ornate altar of the Wu Jian Council.
 15903 | D:11     | Reached skill level 5 in Spellcasting
 16357 | D:11     | Noticed Maurice
 16367 | D:11     | Killed Maurice
 16850 | D:11     | Reached skill level 10 in Ice Magic
 16991 | D:11     | Noticed a boulder beetle
 16991 | D:11     | Identified the ring of Ynwous {Str+4 SInv}
 16991 | D:11     | Noticed Amaemon
 17010 | D:11     | Killed a boulder beetle
 17020 | D:11     | Killed Amaemon
 17388 | Lair:1   | Entered Level 1 of the Lair of Beasts
 17398 | Lair:1   | Reached XP level 12. HP: 61/92 MP: 18/21
 18559 | Lair:1   | Noticed an eight-headed hydra
 18569 | Lair:1   | Killed an eight-headed hydra
 18570 | Lair:1   | Reached skill level 10 in Necromancy
 18570 | Lair:1   | Reached skill level 11 in Ice Magic
 18683 | Lair:1   | Reached *** piety under Hepliaklqana
 18762 | Lair:1   | Noticed a seven-headed hydra
 18771 | Lair:1   | Killed a seven-headed hydra
 19785 | Lair:2   | Found a frozen archway.
 19956 | IceCv    | Entered an ice cave
 20580 | IceCv    | Reached skill level 12 in Ice Magic
 21289 | IceCv    | Reached XP level 13. HP: 96/97 MP: 22/25
 23128 | Lair:2   | Found a hole to the Spider Nest.
 23366 | Lair:2   | Reached **** piety under Hepliaklqana
 23478 | Lair:3   | Found a runed translucent gate.
 23478 | Lair:3   | Found a runed translucent gate.
 23479 | Lair:3   | Found a runed translucent gate.
 24126 | Lair:3   | Reached skill level 13 in Ice Magic
 24835 | Lair:3   | Noticed Taurus's ghost (journeyman MiFi)
 24939 | Lair:3   | Reached skill level 10 in Spellcasting
 25031 | Lair:3   | Reached ***** piety under Hepliaklqana
 25269 | Lair:3   | Found a viscous altar of Jiyva.
 25278 | Lair:3   | Learned a level 7 spell: Ozocubu's Refrigeration
 25282 | Lair:3   | Demolished by an enormous slime creature

Illustrated notes

Levels and vault maps discovered:
D:1:      saegor_arrival_simple_b, layout_basic,
          hellmonk_ecumenical_altar_inner_sanctum
D:2:      layout_basic, solitary_fountain
D:3:      layout_loops_corners, lightli_temple_of_fire,
          nicolae_uskayaw_en_pointe, serial_shops, shop_statue,
          dilly_guarded_unrand_morg, uniq_ijyb, uniq_sigmund
D:4:      layout_loops_corners, elyvilon_altar_3, uniq_pikel
D:5:      layout_basic, kennysheep_flooded_box,
          nicolae_shop_sticking_my_neck_out
D:6:      minmay_chambers_of_fours, layout_basic,
          mainiacjoe_overflow_tiny_flanked
D:7:      layout_basic, mainiacjoe_overflow_surrounded_room,
          nicolae_qazlal_eye_of_the_storm, gammafunk_temple_overflow_wave,
          temple_fountains, serial_curves, eino_curves_03, eino_curves_04,
          uniq_menkaure
D:8:      layout_basic
D:9:      layout_roguey [special_room_orc], hangedman_decor_clover_reticule,
          hangedman_minor_magic
D:10:     layout_rooms, mainiacjoe_overflow_alcove_1, david_orc_1_choice,
          gammafunk_ghost_wrathful_warriors, minmay_misc_feat_columns,
          dk_noncrumbling_3, nrook_uturn
D:11:     minmay_octagon_keep, layout_long_grid, david_lair_shrubbed,
          nzn_wu_jian_council_hall, uniq_amaemon, uniq_maurice
D:12:     cheibrodos_helix_gallery, layout_basic, serial_bayou,
          serial_bayou_ford_a, serial_bayou_pond_a, serial_bayou_pond_a,
          serial_bayou_pond_a, serial_bayou_shore_a, serial_bayou_crossing,
          nicolae_shop_overcharged_wands, uniq_azrael, uniq_lodul
Lair:1:   layout_concentric_octagons, beast_lair_carwin_8
Lair:2:   layout_gridlike, spider_nest_entry_webs,
          portal_ice_cave_demonic_guard, grunt_forest_large_clearings,
          grunt_megastairs_4
Lair:3:   minmay_lair_oklob_tunnel, layout_gridlike, gammafunk_ghost_ooze,
          lemuel_old_faithful, lemuel_fruit_tree, infiniplex_staircase_pool

Skill      XL: |  1  2  3  4  5  6  7  8  9 10 11 12 13 |
---------------+----------------------------------------+-----
Dodging        | 2 3 4 5 |  5.5
Poison Magic   | 1 2 3 |  3.3
Transmutations | 3 4 |  4.1
Fighting       | 2 4 6 7 8 9 |  9.6
Unarmed Combat | 5 6 |  6.0
Ice Magic      | 5 7 8 10 12 13 | 13.2
Necromancy     | 4 7 9 11 | 11.8
Spellcasting   | 3 6 8 10 | 10.1

Action                   |  1- 3 |  4- 6 |  7- 9 | 10-12 | 13-15 || total
-------------------------+-------+-------+-------+-------+-------++-------
Melee: Unarmed           |   128 |   126 |   248 |   152 |    38 ||   692
       Headbutt          |     6 |     4 |       |       |       ||    10
       Kick              |     7 |    10 |       |       |       ||    17
       Tailslap          |    11 |    15 |    12 |    30 |    20 ||    88
       Punch             |     3 |     1 |       |       |       ||     4
       Dagger            |       |    18 |    78 |   255 |   135 ||   486
 Cast: Beastly Appendage |     8 |     3 |       |       |       ||    11
       Spider Form       |       |     5 |    29 |     7 |       ||    41
       Ice Form          |       |       |     5 |    16 |     7 ||    28
       Vampiric Draining |       |       |       |    62 |    11 ||    73
       Simulacrum        |       |       |       |     8 |    33 ||    41
Invok: Ancestor Life: Kn |       |       |       |     1 |       ||     1
       Recall Ancestor   |       |       |       |     1 |     1 ||     2
 Abil: Breathe Acid      |       |       |     5 |    26 |     1 ||    32
       End Transformatio |       |       |       |     2 |     1 ||     3
Evoke: Wand              |       |       |     1 |    18 |     2 ||    21
  Use: Scroll            |     2 |       |    11 |    19 |     2 ||    34
       Potion            |       |       |       |     2 |       ||     2
 Stab: Sleeping          |     1 |       |     2 |       |       ||     3
       Distracted        |       |       |       |     3 |       ||     3
Armor: Skin              |    39 |    61 |    46 |   223 |    98 ||   467
Dodge: Dodged            |    70 |    94 |   251 |   314 |   133 ||   862
Block: Buckler           |       |    27 |    17 |    77 |    30 ||   151

Table legend: (Time is in decaauts)
 A = Elapsed time spent in this place.
 B = Non-inter-level travel time spent in this place.
 C = Inter-level travel time spent in this place.
 D = Time resting spent in this place.
 E = Time spent auto-exploring this place.
 F = Levels seen in this place.
 G = Mean time per level.
                   A        B        C        D        E       F      G
               +--------+--------+--------+--------+--------+-----+--------+
         Total |  25306 |  24659 |    647 |   1081 |  20315 |  16 | 1581.6 |
       Dungeon |  17416 |  16825 |    591 |    688 |  13958 |  12 | 1451.3 |
          Lair |   5657 |   5601 |     56 |    393 |   4369 |   3 | 1885.7 |
      Ice Cave |   2232 |   2232 |      0 |      0 |   1988 |   1 | 2232.0 |
               +--------+--------+--------+--------+--------+-----+--------+

Top non-repeatable levels by time:
  Lair:1: 2487 daAuts
   IceCv: 2232 daAuts
     D:9: 2159 daAuts
    D:11: 2126 daAuts
  Lair:3: 1808 daAuts
    D:10: 1781 daAuts
     D:2: 1716 daAuts
     D:3: 1682 daAuts
     D:7: 1550 daAuts
     D:6: 1464 daAuts
     D:5: 1419 daAuts
  Lair:2: 1360 daAuts
     D:8: 1238 daAuts
     D:1: 1199 daAuts
     D:4: 1076 daAuts
